Map: Lerilak Crest

Players

ShoWTimE - Winner!

  • Race: Protoss Protoss
  • League: Master

MarineLorD

  • Race: Terran Terran
  • League: Master

Event: DreamHack ZOWIE Open Leipzig

VOD

https://www.youtube.com/watch?v=trhrJuQdtEc

Description

Time

  • Played on: Jan. 22, 2016, 12:02 p.m.
  • Length: 12:36

All games in this series

Show
View Real Time Build Order
Export as new Build Order

ShoWTimE Protoss - Winner!

Build Orders: 1 Gate Expand 

Get SALT Encoding   

  12  0:00  Probe (Chrono Boost)  
  13  0:11  Probe (Chrono Boost)  
  14  0:17  Pylon  
  14  0:22  Probe (Chrono Boost)  
  15  0:36  Probe (Chrono Boost), Gateway  
  15  0:41  Assimilator  
  16  0:46  Probe (Chrono Boost)  
  18  0:57  Probe (Chrono Boost)  
  18  1:07  Probe (Chrono Boost)  
  19  1:21  Nexus  
  19  1:32  Cybernetics Core  
  19  1:35  Probe (Chrono Boost)  
  20  1:40  Assimilator  
  20  1:46  Probe (Chrono Boost)  
  20  1:54  Pylon  
  20  1:56  Probe (Chrono Boost)  
  21  2:07  Probe (Chrono Boost)  
  22  2:09  Warp Gate  
  22  2:12  Adept (Chrono Boost)  
  24  2:19  Mothership Core  
  26  2:32  Probe  
  26  2:35  Twilight Council  
  27  2:38  Adept (Chrono Boost)  
  27  2:40  Probe  
  27  2:43  Probe  
  31  2:52  Probe  
  31  2:53  Probe  
  33  3:02  Adept (Chrono Boost)  
  33  3:04  Probe x2  
  36  3:12  Resonating Glaives (Chrono Boost)  
  37  3:15  Probe  
  37  3:16  Probe  
  37  3:19  Pylon  
  39  3:25  Probe  
  40  3:28  Probe  
  41  3:35  Adept  
  41  3:36  Probe, Pylon  
  41  3:40  Probe  
  45  3:48  Gateway  
  45  3:50  Gateway  
  45  3:51  Probe  
  45  3:53  Probe  
  47  3:59  Gateway  
  47  4:01  Probe  
  47  4:07  Probe  
  47  4:09  Pylon  
  49  4:12  Probe  
  50  4:25  Gateway  
  50  4:31  Gateway  
  50  4:32  Gateway  
  50  4:38  Probe  
  50  4:40  Probe, Dark Shrine, Assimilator  
  52  4:52  Probe  
  53  4:54  Adept  
  53  4:55  Adept x3  
  61  5:01  Pylon  
  61  5:12  Pylon  
  61  5:16  Adept x4  
  61  5:19  Pylon  
  69  5:29  Adept x3  
  75  5:37  Adept x3  
  75  5:38  Adept  
  83  5:44  Pylon  
  83  5:56  Dark Templar x2, Adept  
  85  5:59  Dark Templar, Adept  
  63  6:12  Adept  
  57  6:24  Adept x2  
  57  6:25  Adept  
  57  6:28  Adept  
  57  6:29  Adept  
  61  6:33  Adept x2  
  65  6:43  Probe  
  65  6:45  Probe  
  65  6:47  Adept x3  
  69  6:52  Adept x2  
  77  6:56  Adept  
  77  6:57  Adept  
  81  7:12  Adept x3  
  81  7:13  Adept x2  
  71  7:27  Adept x2  
  71  7:34  Probe, Adept x3  
  71  7:35  Adept x2  
  71  7:36  Probe  
  77  7:45  Probe  
  77  7:46  Assimilator  
  77  7:48  Probe  
  77  7:50  Adept x2  
  75  7:53  Robotics Facility  
  75  8:00  Adept x3  
  81  8:15  Nexus, Pylon  
  81  8:27  Adept x3  
  81  8:28  Adept  
  81  8:31  Dark Templar  
  81  8:34  Adept  
  93  8:43  Adept  
  95  8:51  Adept x4  
  103  9:08  Pylon  
  103  9:09  Pylon  
  102  9:15  Pylon  
  101  9:17  Observer (Chrono Boost), Pylon  
  87  9:26  Adept  
  87  9:27  Adept x6  
  75  9:49  Adept x7  
  85  9:59  Blink  
  79  10:05  Nexus  
  77  10:08  Pylon  
  77  10:09  Pylon  
  77  10:26  Stalker x2  
  77  10:27  Sentry x3  
  87  10:34  Stalker  
  89  10:42  Dark Templar  
  91  10:50  Stalker  
  91  10:51  Stalker  
  95  10:57  Stalker  
  97  11:06  Stalker  
  99  11:13  Stalker  
  99  11:18  Adept x2  
  101  11:28  Stalker  
  99  11:36  Adept x2  
  103  11:41  Sentry x3  
  109  11:52  Stalker  
  111  11:58  Stalker x2  
  115  12:05  Stalker x2  
  107  12:21  Stalker x3  
  107  12:22  Stalker  
Show
View Real Time Build Order
Export as new Build Order

MarineLorD Terran 

Build Orders: Command Center First (CC), MMM Bio 

Get SALT Encoding   

  12  0:00  SCV  
  13  0:12  SCV  
  14  0:17  Supply Depot  
  14  0:24  SCV  
  15  0:39  SCV  
  16  0:51  SCV  
  17  1:01  Command Center  
  17  1:03  SCV  
  18  1:14  Barracks  
  18  1:15  SCV  
  19  1:27  Barracks  
  19  1:30  SCV  
  20  1:42  Barracks  
  19  1:47  SCV  
  20  2:00  Marine  
  22  2:02  Orbital Command  
  21  2:13  Marine  
  22  2:18  Marine  
  22  2:19  Orbital Command  
  23  2:24  Bunker  
  23  2:29  SCV  
  24  2:31  Marine  
  24  2:36  Marine  
  26  2:40  Supply Depot  
  26  2:42  SCV  
  27  2:45  Marine  
  27  2:49  Marine  
  27  2:50  SCV  
  30  2:55  SCV  
  30  2:57  Marine  
  32  3:02  Refinery, Marine  
  32  3:04  SCV, Refinery  
  34  3:07  SCV, Marine  
  36  3:16  SCV  
  36  3:17  Marine  
  36  3:19  Supply Depot, SCV  
  39  3:20  Marine  
  41  3:28  SCV  
  41  3:32  SCV, Barracks Tech Lab  
  41  3:33  Supply Depot  
  42  3:36  Marine  
  42  3:40  SCV  
  44  3:44  SCV  
  45  3:50  Marine  
  45  3:51  Marine  
  45  3:52  SCV, Stimpack  
  45  3:54  Marine  
  49  3:56  SCV  
  50  4:02  Bunker  
  50  4:04  Supply Depot, SCV  
  50  4:08  SCV  
  52  4:10  Marauder, Marine  
  52  4:12  Marine  
  52  4:17  SCV  
  56  4:20  SCV  
  56  4:26  Factory  
  56  4:28  Marine  
  56  4:29  SCV, Marine  
  56  4:30  Engineering Bay  
  59  4:32  SCV  
  59  4:33  Marauder  
  62  4:41  Supply Depot, SCV  
  62  4:42  Supply Depot  
  62  4:44  SCV  
  64  4:46  Marine  
  64  4:47  Marine  
  66  4:53  SCV  
  66  4:54  Marauder  
  66  4:56  SCV  
  70  5:00  Refinery  
  70  5:03  Marine  
  70  5:06  Terran Infantry Weapons Level 1, SCV  
  72  5:08  SCV, Marine  
  72  5:11  Factory Reactor  
  72  5:14  Starport  
  73  5:15  Marine  
  73  5:18  SCV  
  75  5:21  Marine  
  75  5:22  SCV, Refinery  
  75  5:26  Marine  
  78  5:33  Marauder  
  78  5:34  SCV x2  
  82  5:39  Marine  
  83  5:43  Marine  
  83  5:46  SCV x2  
  86  5:55  Marauder  
  74  5:57  Marine  
  74  5:58  SCV  
  74  6:01  Marine  
  56  6:10  SCV  
  53  6:11  Widow Mine x2  
  53  6:12  Medivac  
  53  6:15  Marine  
  53  6:16  Marine  
  58  6:19  Missile Turret  
  58  6:22  SCV  
  58  6:23  Marine  
  56  6:26  SCV, Missile Turret  
  57  6:32  Marine  
  57  6:34  SCV  
  57  6:39  SCV  
  60  6:43  Marine x2  
  60  6:46  SCV  
  63  6:50  Marine  
  63  6:51  SCV  
  65  6:56  Combat Shields  
  65  6:58  SCV  
  66  7:01  Marine  
  66  7:03  SCV  
  66  7:08  Marine  
  67  7:10  SCV  
  67  7:15  SCV, Marine  
  57  7:24  Medivac  
  57  7:25  Medivac  
  57  7:27  SCV, Marine x2  
  62  7:37  Marine  
  62  7:42  SCV x2  
  55  7:45  Marine x2  
  55  7:54  SCV  
  55  7:55  Supply Depot, Marine  
  57  8:03  Marine  
  57  8:04  SCV  
  59  8:06  SCV  
  59  8:12  Terran Infantry Armor Level 1  
  60  8:14  Marine  
  60  8:19  SCV  
  61  8:20  Marine  
  61  8:24  SCV  
  61  8:26  Liberator  
  63  8:27  Marine  
  63  8:31  SCV  
  63  8:32  Marine  
  66  8:36  SCV  
  66  8:38  Marine  
  68  8:45  Marine  
  70  8:50  Marine  
  70  8:51  SCV  
  72  8:56  Marine  
  73  9:03  Marine  
  73  9:07  SCV x2, Marine  
  77  9:14  Marine  
  75  9:21  Marine  
  59  9:25  Marine  
  42  9:32  Marine  
  42  9:36  SCV  
  44  9:38  Marine  
  44  9:43  Marine  
  45  9:46  Liberator  
  45  9:48  SCV  
  45  9:49  Marine  
  45  9:56  Marine  
  43  10:00  SCV  
  43  10:01  Marine  
  48  10:07  Marine  
  50  10:14  SCV, Marine  
  50  10:16  Liberator  
  50  10:17  SCV  
  50  10:19  Marine  
  53  10:25  Marine  
  54  10:29  SCV x2  
  59  10:36  Marine  
  59  10:37  Marine  
  59  10:39  Liberator  
  59  10:41  SCV  
  62  10:43  SCV  
  62  10:44  Marine  
  64  10:53  SCV  
  64  10:54  Marine  
  64  10:55  Marine  
  71  11:04  SCV, Liberator  
  71  11:05  SCV, Marine  
  72  11:11  Marine  
  72  11:12  Marine  
  75  11:22  Liberator  
  78  11:25  Marine  
  78  11:27  Supply Depot  
  78  11:29  Marine  
  78  11:32  Marine  
  78  11:47  Supply Depot  
  78  11:49  Supply Depot, Marine x2  
  80  12:03  Marine  
  80  12:06  Marine  
  80  12:07  Marine  

Tags
 
Add a new tag
Caveats
  • Supply blocks, unpowered buildings, or Contaminate may cause inaccurate times.
  • Supply counts are checked every 10 seconds.